 Dungeon Crawl Stone Soup version 0.27.1-33-g824d729ab1 (webtiles) character file.

Game seed: 10578045894668597227

104 Thatpatchoflichen the Sneak (level 4, -4/31 HPs)
             Began as an Octopode Monk on Nov 29, 2021.
             Slain by a gnoll (15 damage)
             ... on level 4 of the Dungeon.
             The game lasted 00:06:24 (3398 turns).

Thatpatchoflichen the Sneak (Octopode Monk)         Turns: 3398, Time: 00:06:25

Health: -4/31      AC:  1    Str: 11    XL:     4   Next: 80%
Magic:  4/4        EV: 14    Int: 12    God:
Gold:   93         SH:  0    Dex: 14    Spells: 2/3 levels left

rFire    . . .     SeeInvis .     - Unarmed
rCold    . . .     Faith    .   (no shield)
rNeg     . . .     Spirit   .   (helmet restricted)
rPois    .         Reflect  .   (no amulet)
rElec    .         Harm     .   l - ring of wizardry
rCorr    .         Rampage  .   (no ring)
Will     .....                  (no ring)
Stlth    ++++......             (no ring)
HPRegen  0.10/turn              (no ring)
MPRegen  0.09/turn              (no ring)
                                (no ring)
                                (no ring)

@: no status effects
A: almost no armour, amphibious, 8 rings, camouflage 1, gelatinous body 1,
(nimble swimmer 1), tentacles
a: no special abilities


You were on level 4 of the Dungeon.
You visited 1 branch of the dungeon, and saw 4 of its levels.

You collected 93 gold pieces.

Inventory:

Missiles
 m - 17 poisoned darts (quivered)
Jewellery
 l - a ring of wizardry (left tentacle)
 p - a +6 ring of dexterity
Scrolls
 a - a scroll of immolation {unknown}
 b - a scroll of amnesia {unknown}
 d - 3 scrolls of teleportation {unknown}
 e - a scroll of silence {unknown}
 f - 5 scrolls of noise {unknown}
 h - a scroll of magic mapping {unknown}
 i - a scroll of vulnerability {unknown}
 j - 2 scrolls of identify {unknown}
 n - a scroll of blinking {unknown}
 o - a scroll of fog {unknown}
Potions
 c - a potion of cancellation {unknown}
 g - 4 potions of curing {unknown}
 k - a potion of heal wounds {unknown}


   Skills:
 + Level 3.4 Fighting
 + Level 3.8 Dodging
 - Level 4.0 Stealth
 - Level 4.0 Unarmed Combat


You had 2 spell levels left.
You knew the following spells:

 Your Spells              Type           Power      Damage    Failure   Level
a - Beastly Appendage     Tmut           0%         N/A       13%         1

Your spell library contained the following spells:

 Spells                   Type           Power      Damage    Failure   Level
 Wereblood                Tmut           0%         N/A       21%         2
 Spider Form              Tmut/Pois      0%         N/A       36%         3


Dungeon Overview and Level Annotations

Branches:
Dungeon (4/15)
 Temple: D:4-7

Altars:
Elyvilon

Shops:
D:2 (::


Innate Abilities, Weirdness & Mutations

You cannot wear most types of armour.
You are amphibious.
You can wear up to eight rings at the same time.
Your skin changes colour to match your surroundings (Stealth+).
Your rubbery body absorbs attacks. (AC +1, EV +1)
((You are camouflaged near water. (Stealth+)))
You have tentacles for arms and can constrict up to eight enemies at once.


Message History

You tentacle-slap the plant but do no damage.
You grab the plant. You constrict the plant.
The plant begins to die.
You release your grip on the plant.
There is a white marble altar of Elyvilon here.
A nearby plant withers and dies.
There is a stone staircase leading down here.
Done exploring.
There is a stone staircase leading down here.
You climb downwards.
There is a stone staircase leading up here.
You climb upwards.
There is a stone staircase leading down here.
You climb downwards.
There is a stone staircase leading up here.
An endoplasm comes into view.
A gnoll comes into view. It is wielding a +0 whip.
The gnoll shouts!
You hear a shout!
A gnoll comes into view. It is wielding a +0 halberd.
A gnoll comes into view. It is wielding a +0 spear.
An endoplasm comes into view.
The gnoll barely misses you.
A gnoll comes into view. It is wielding a +0 spear.
The gnoll shouts!
The endoplasm quivers. x2
You tentacle-slap the gnoll. You grab the gnoll. You squeeze the gnoll!
You kill the gnoll!
You tentacle-slap the endoplasm.
The endoplasm is almost dead.
The gnoll hits you from afar with a +0 spear!
The endoplasm freezes you.
You are frozen.
The endoplasm barely misses you. The gnoll barely misses you.
You tentacle-slap the endoplasm.
You kill the endoplasm!
The gnoll throws a throwing net.
The throwing net completely misses you. The endoplasm freezes you.
You are frozen.
The gnoll misses you.
Found a scroll labelled LUJ JEDEABEPS.
The gnoll hits you with a +0 spear.
The gnoll hits you from afar with a +0 spear.
The endoplasm barely misses you. The gnoll hits you with a +0 halberd!
You die...

#.# #.# #.# #.# #
#######.######. #
...............### .#
####...<.........# ..
......#.########J#.#####
...............(@gg.....
####.#...########g.#####
#......# ..# ###....#
..# ##.#.# ..# #.#.# ..#
#.#.# .?. #.#.# ...


You could see 3 gnolls and an endoplasm.

Vanquished Creatures
  2 gnolls
  3 adders (D:3)
  A worm (D:3)
  2 orcs
  7 endoplasms
  2 giant cockroaches
  4 goblins
  5 hobgoblins
  3 jackals (D:1)
  4 quokkas
  6 ball pythons
  A bat (D:1)
  4 frilled lizards
  3 kobolds
  4 rats
51 creatures vanquished.

Vanquished Creatures (others)
  A plant (D:3)
1 creature vanquished.

Grand Total: 52 creatures vanquished

Notes
Turn   | Place    | Note
-------+----------+-------------------------------------------
     0 | D:1      | Thatpatchoflichen the Octopode Monk began the quest for the
                  | Orb.
     0 | D:1      | Reached XP level 1. HP: 16/16 MP: 1/1
   174 | D:1      | Reached XP level 2. HP: 14/21 MP: 2/2
   849 | D:1      | Reached XP level 3. HP: 21/26 MP: 3/3
  1338 | D:2      | Found Hisick's Antique Armour Shoppe.
  1411 | D:2      | Found Xeab's Book Shop.
  1426 | D:2      | Found Rimos's Book Emporium.
  1852 | D:2      | Found Bearon's Weapon Emporium.
  1876 | D:2      | Learned a level 1 spell: Beastly Appendage
  2099 | D:3      | Found a faded altar of an unknown god.
  2292 | D:3      | Found a white marble altar of Elyvilon.
  2681 | D:3      | Reached XP level 4. HP: 23/31 MP: 4/4
  3398 | D:4      | Slain by a gnoll

Illustrated notes

Levels and vault maps discovered:
D:1:      nzn_arrival_settlement, layout_loops_ring, kennysheep_minor_cross
D:2:      layout_basic, serial_shops, nicolae_shop_stone, shop, shop,
          nicolae_shop_stone
D:3:      layout_loops_ring, mainiacjoe_overflow_tiny_flanked,
          gup_sewer_entry_bubbles, hellmonk_ecumenical_altar_heavens_door,
          due_unseen_surprise
D:4:      layout_loops_ring, kennysheep_boxes

Skill      XL: |  1  2  3  4 |
---------------+-------------+-----
Stealth        | 3 4 |  4.0
Unarmed Combat | 4 |  4.0
Fighting       | |  3.4
Dodging        | |  3.8

Action                   |  1- 3 |  4- 6 || total
-------------------------+-------+-------++-------
Melee: Unarmed           |    79 |    23 ||   102
       Tentacles         |    19 |     5 ||    24
       Constrict         |    19 |     8 ||    27
       Punch             |     4 |       ||     4
 Stab: Sleeping          |    15 |     3 ||    18
Armor: Skin              |     6 |       ||     6
Dodge: Dodged            |    47 |    14 ||    61
